cohdb
Replays
Latest Replays
All Replays
Popular Replays
Top Player Replays
Match Explorer
How It Works
Community
CoH3 Stats
Reddit
Sign in to upload your games and track your stats! →
Sign in with Steam
Match 45113570
Unlisted
Match 45113570
Overview
Messages
Build Orders
End
Pioneer Squad
Construct Infanterie Kompanie
Grenadier Squad
Selects Mechanized Battlegroup
Grenadier Squad
Grenadier Squad
Infanterie Officer Quarters
Medical Bunker
Selects Raid Package
Construct Panzergrenadier Kompanie
Grenadier Squad
Grenadier Squad
Selects 8 Rad Armored Car
8 Rad Armored Car
8 Rad Armored Car
8 Rad Armored Car
8 Rad Armored Car
Herr Blautier
TBoR
EPHX_Valkyrion
Dreyrugr
janemba914
Ggumisin
0
0
Comments
sign in to comment!
No comments posted yet!